 Dungeon Crawl Stone Soup version 0.17-a0-1263-gc2a165f (webtiles) character file.

88 Sommunist the Charmwright (level 4, 0/30 HPs)
             Began as a High Elf Skald on June 6, 2015.
             Succumbed to an orc wizard's poison
             ... on level 3 of the Dungeon.
             The game lasted 00:12:01 (1981 turns).

Sommunist the Charmwright (High Elf Skald)          Turns: 1981, Time: 00:12:01

Health: 0/30       AC:  6    Str: 11    XL:     4   Next: 30%
Magic:  2/8        EV: 11    Int: 17    God:
Gold:   125        SH:  3    Dex: 14    Spells: 3 memorised, 1 level left

rFire  + . .     SeeInvis .     a - +0 short sword
rCold  . . .     Clarity  .     b - +0 leather armour
rNeg   . . .     SustAt   .     f - +0 buckler
rPois  .         Gourm    .     q - +2 helmet
rElec  .         Spirit   .     (no cloak)
rCorr  .         Warding  .     (no gloves)
rMut   .         Stasis   .     (no boots)
MR     .....                    r - amulet of faith
Stlth  +.........               (no ring)
                                o - ring of protection from fire

@: lethally poisoned (0 -> -7), not resistant to hostile enchantments, very
unstealthy
A: no striking features
a: no special abilities


You were on level 3 of the Dungeon.
You were hungry.

You visited 1 branch of the dungeon, and saw 3 of its levels.

You collected 125 gold pieces.

Inventory:

Hand weapons
 a - a +0 short sword (weapon)
Missiles
 g - 87 stones (quivered)
Armour
 b - a +0 leather armour (worn)
 f - a +0 buckler (worn)
 q - a +2 helmet (worn)
Jewellery
 j - an uncursed amulet of rage
 o - a ring of protection from fire (left hand)
 p - an uncursed amulet of guardian spirit
 r - an amulet of faith (around neck)
Scrolls
 s - a scroll of fear {unknown}
Potions
 e - a potion of poison
 h - 2 potions of magic
 k - 2 potions of degeneration
 m - a potion of invisibility {unknown}
 n - a potion of curing {unknown}
 t - a potion of cure mutation {unknown}
Books
 c - a book of Battle

   Spells                             Type                      Level
   a - Infusion                       Charms                       1
   b - Shroud of Golubria             Charms/Translocation         2
   c - Song of Slaying                Charms                       2
   d - Spectral Weapon                Hexes/Charms                 3
   e - Regeneration                   Charms/Necromancy            3
Comestibles
 d - 2 bread rations
 i - a chunk of flesh
 l - 2 beef jerkies


   Skills:
 + Level 2.6 Fighting
 * Level 3.9 Short Blades
 - Level 0.8 Armour
 + Level 2.0 Dodging
 - Level 2.4 Spellcasting
 * Level 4.4 Charms


You had one spell level left.
You knew the following spells:

 Your Spells              Type           Power        Failure   Level  Hunger
a - Infusion              Chrm           ###...       8%          1    #......
b - Shroud of Golubria    Chrm/Tloc      #.........   28%         2    ##.....
c - Regeneration          Chrm/Necr      #.........   58%         3    ###....


Dungeon Overview and Level Annotations

Branches:
Dungeon (3/15)

Altars:
Fedhas
Xom


Message History

You feel sick.
The orc wizard points at you and mumbles some strange words.
You are confused.
The orc barely misses you.
* * * LOW HITPOINT WARNING * * *
You feel sick. The orc hits you but does no damage.
* * * LOW HITPOINT WARNING * * *
You feel sick.
The orc wizard casts a spell.
The orc wizard flickers and vanishes!
Deactivating autopickup; reactivate with Ctrl-A.
The kobold hits you but does no damage.
* * * LOW HITPOINT WARNING * * *
You feel sick. The kobold hits you but does no damage.
You feel less confused.
A puff of flame appears from out of thin air!
The puff of flame hits you! You resist.
* * * LOW HITPOINT WARNING * * *
The kobold hits you but does no damage.
You die...

#.# #.# #.#.# ######'##
#.#.# ###.......# #.#.#
..'.......# #.#.#
..#.......#####'#'####
..##..#.....#........###
..'<..'..............'..
..###.#.........@....#
### #.......#..K.....#
##......#..o.....#
##...#o##.o..(...#
#.)..>.##o.......#
#......'........##
#......###........
####'### #........ #..#
#.........


You could see 3 orcs and a kobold.

Vanquished Creatures
  4 adders
  A worm (D:2)
  3 giant geckos
  A bat (D:2)
  4 goblins (D:1)
  10 hobgoblins
  6 jackals
  A ball python (D:2)
  3 giant newts
  8 kobolds
  A quokka (D:3)
  7 rats
49 creatures vanquished.

Notes
Turn   | Place    | Note
--------------------------------------------------------------
     0 | D:1      | Sommunist the High Elf Skald began the quest for the Orb.
     0 | D:1      | Reached XP level 1. HP: 14/14 MP: 4/4
   184 | D:1      | Reached XP level 2. HP: 13/19 MP: 6/6
   357 | D:1      | Reached skill level 4 in Charms
   379 | D:1      | Learned a level 2 spell: Shroud of Golubria
   844 | D:2      | Reached XP level 3. HP: 21/25 MP: 7/7
   989 | D:2      | Found a blossoming altar of Fedhas.
  1185 | D:2      | Learned a level 3 spell: Regeneration
  1535 | D:3      | Reached XP level 4. HP: 20/30 MP: 0/8
  1632 | D:3      | Found a shimmering altar of Xom.
  1980 | D:3      | HP: 1/30 [something/puff of flame (2)]
  1981 | D:3      | Succumbed to an orc wizard's poison

Vault maps used:
D:1:      lightli_arrival_noodles
D:2:      fedhas_altar_1, first_bread
D:3:      xom_teletrap_fun, minmay_mini_jars

Action                   |  1- 3 |  4- 6 || total
-------------------------+-------+-------++-------
Melee: Short sword       |   161 |    58 ||   219
Throw: Stone             |    82 |    10 ||    92
 Cast: Infusion          |     8 |     2 ||    10
       Shroud of Golubri |     7 |     3 ||    10
  Use: Scroll            |     6 |       ||     6
 Stab: Sleeping          |     1 |       ||     1
  Eat: Chunk             |     3 |     1 ||     4
